 Dungeon Crawl Stone Soup version 0.21-a0-529-g8c7b3f5 (webtiles) character file.

842 KristoblXynda the Slasher (level 8, -4/57 HPs)
             Began as a Barachi Skald on Dec 9, 2017.
             Killed themself with a badly aimed fireball (6 damage)
             ... on level 6 of the Dungeon.
             The game lasted 00:13:18 (5408 turns).

KristoblXynda the Slasher (Barachi Skald)           Turns: 5408, Time: 00:13:19

Health: -4/57      AC: 12    Str: 14    XL:     8   Next: 0%
Magic:  9/11       EV: 12    Int: 18    God:
Gold:   265        SH:  0    Dex: 11    Spells: 6/11 levels left

rFire    . . .     SeeInvis .   a - +1 falchion
rCold    . . .     Gourm    .   (no shield)
rNeg     . . .     Faith    .   o - +3 leather armour
rPois    +         Spirit   .   t - +0 helmet
rElec    .         Reflect  .   (no cloak)
rCorr    .         Harm     .   l - +1 pair of gloves
MR       .....     Clarity  +   (no boots)
Stlth    +.........             (no amulet)
HPRegen  0.19/turn              k - +3 ring of intelligence
MPRegen  0.12/turn              (no ring)

@: singing, can't hop, very slightly contaminated, slow
A: +LOS, swims, iridescent scales 1, clarity, poison resistance, slowness 1,
strong legs 1
a: Hop


You were on level 6 of the Dungeon.
You were hungry.

You visited 1 branch of the dungeon, and saw 6 of its levels.

You collected 265 gold pieces.

Inventory:

Hand Weapons
 a - a +1 falchion (weapon)
Armour
 l - a +1 pair of gloves (worn)
 m - a +0 buckler
 o - a +3 leather armour (worn)
 t - a +0 helmet (worn)
Jewellery
 k - a +3 ring of intelligence (left hand)
Wands
 j - a wand of random effects (25)
Scrolls
 e - a scroll of amnesia
 f - 3 scrolls of remove curse
 i - 2 scrolls of enchant weapon
 n - a scroll of enchant armour
Potions
 g - 2 potions of mutation
 r - a potion of brilliance
 u - a potion of might
 w - a potion of flight
Books
 c - a book of Battle

   Spells                             Type                      Level
   a - Infusion                       Charms                       1
   b - Shroud of Golubria             Charms/Translocation         2
   c - Song of Slaying                Charms                       2
   d - Spectral Weapon                Hexes/Charms                 3
   e - Regeneration                   Charms/Necromancy            3
 y - a book of Necromancy

   Spells                             Type                      Level
   a - Pain                           Necromancy                   1
   b - Animate Skeleton               Necromancy                   1
   c - Vampiric Draining              Necromancy                   3
   d - Regeneration                   Charms/Necromancy            3
   e - Animate Dead                   Necromancy                   4
   f - Control Undead                 Necromancy                   4
Comestibles
 d - 6 bread rations
 h - a chunk of flesh
 v - 2 meat rations


   Skills:
 - Level 2.4 Fighting
 + Level 6.3 Long Blades
 + Level 5.3 Armour
 - Level 2.1 Dodging
 + Level 2.1 Shields
 - Level 2.1 Spellcasting
 + Level 5.8 Charms
 - Level 2.1 Necromancy


You had 6 spell levels left.
You knew the following spells:

 Your Spells              Type           Power        Failure   Level  Hunger
a - Song of Slaying       Chrm           ###.....     3%          2    ###....
b - Regeneration          Chrm/Necr      ###.......   13%         3    ###....


Dungeon Overview and Level Annotations

Branches:
Dungeon (6/15)
 Temple: D:4-7

Altars:
Fedhas
Gozag
Kikubaaqudgha
Nemelex Xobeh
Qazlal
Trog
Yredelemnul

Shops:
D:5 :


Innate Abilities, Weirdness & Mutations

Shadows flee at your approach. (+LOS)
You can swim through water.
You cover ground slowly.
You can hop short distances.
You are partially covered in iridescent scales. (AC +2)
You possess an exceptional clarity of mind.
Your system is resistant to poisons. (rPois)


Message History

The jackal bites you but does no damage.
Unknown command.
Okay, then.
Evoke which item? (* to show all) (? for menu, Esc to quit)
Aiming: Random Effects
Press: ? - help, Shift-Dir - straight line, f - crimson imp
Aim: a crimson imp The fireball explodes!
The fireball engulfs the ogre.
You kill the ogre!
Your Shields skill increases to level 2!
The fireball engulfs something.
Reactivating autopickup.
You have reached level 8!
You feel clever.
You feel a bit more experienced.
The fireball engulfs the jackal.
You kill the jackal!
The fireball engulfs the jackal.
You kill the jackal!
The fireball engulfs you!
You die...

###....##.#.....
####...............
.#.........§..#....
...........oo.......
#.........##.#.....
#.......5.# .o.....
#......)..# #.. ..
####...))†##.#..r..
#....@..........
#.......%.......
#+##†###..#..... #.#
...... #.. ..... #..
.... .... ... .... .
.....


You could see a crimson imp, an orc and a quokka.

Vanquished Creatures
  A sky beast (D:5)
  An ogre (D:6)
  A bullfrog (D:6)
  A water moccasin skeleton (D:4)
  A howler monkey (D:5)
  A hound (D:4)
  A jelly (D:5)
  2 orc priests (D:4)
  5 orc wizards
  3 worker ants
  Robin (D:4)
  6 adders
  A shadow imp (D:5)
  2 oozes
  2 worms
  2 dart slugs
  3 leopard geckos
  12 orcs
  2 ball pythons
  8 bats
  5 giant cockroaches
  13 goblins
  8 hobgoblins
  11 jackals
  A quokka (D:6)
  6 frilled lizards
  4 kobolds
  2 quokka zombies
  4 rats
110 creatures vanquished.

Notes
Turn   | Place    | Note
-------+----------+-------------------------------------------
     0 | D:1      | KristoblXynda the Barachi Skald began the quest for the Orb.
     0 | D:1      | Reached XP level 1. HP: 17/17 MP: 3/3
   155 | D:1      | Reached XP level 2. HP: 18/23 MP: 5/5
   668 | D:2      | Reached skill level 3 in Long Blades
   890 | D:2      | Reached XP level 3. HP: 27/28 MP: 6/6
   920 | D:2      | Found an opulent altar of Gozag.
   920 | D:2      | Found an ancient bone altar of Kikubaaqudgha.
   927 | D:2      | Found a stormy altar of Qazlal.
   930 | D:2      | Found a basalt altar of Yredelemnul.
   931 | D:2      | Found a sparkling altar of Nemelex Xobeh.
  1417 | D:2      | Reached XP level 4. HP: 28/34 MP: 7/7
  1616 | D:2      | Learned a level 3 spell: Regeneration
  1910 | D:3      | Reached skill level 4 in Long Blades
  2299 | D:3      | Reached XP level 5. HP: 23/39 MP: 3/8
  3248 | D:3      | Found a blossoming altar of Fedhas.
  3842 | D:4      | Noticed Robin
  3899 | D:4      | Reached skill level 5 in Long Blades
  3899 | D:4      | Reached skill level 1 in Necromancy
  3899 | D:4      | Reached XP level 6. HP: 32/46 MP: 4/9
  4166 | D:4      | Killed Robin
  4617 | D:5      | Entered Level 5 of the Dungeon
  4626 | D:5      | Reached skill level 5 in Charms
  4806 | D:5      | Learned a level 2 spell: Song of Slaying
  4841 | D:5      | Reached XP level 7. HP: 46/51 MP: 10/10
  4878 | D:5      | Gained mutation: Your system is resistant to poisons. (rPois) [mutagenic meat]
  4879 | D:5      | Gained mutation: You possess an exceptional clarity of mind. [mutagenic meat]
  4880 | D:5      | Gained mutation: You are partially covered in iridescent scales. (AC +2) [mutagenic meat]
  4922 | D:5      | Found Butor's Book Shop.
  4996 | D:5      | Reached skill level 1 in Shields
  5002 | D:5      | Reached skill level 5 in Armour
  5162 | D:5      | Reached skill level 6 in Long Blades
  5281 | D:5      | Found a bloodstained altar of Trog.
  5402 | D:6      | HP: 1/51 [ogre/giant club (10)]
  5408 | D:6      | Reached XP level 8. HP: 2/57 MP: 9/11
  5408 | D:6      | Killed themself with a badly aimed fireball

Vault maps used:
D:1:      nzn_arrival_depleted_hourglass, minmay_hedge_maze,
          supply_closet_lemuel, st_stairs_10
D:2:      chequers_temple_overflow_minitemple, minmay_misc_feat_plants,
          minivault_24
D:3:      fedhas_altar_2
D:4:      first_bread, serial_curves, eino_curves_02, eino_curves_03, uniq_robin
D:5:      lemuel_crystal_altar, serial_shops, shop_fountains, minivault_4
D:6:      minitemple

Skill      XL: |  1  2  3  4  5  6  7 |
---------------+----------------------+-----
Armour         | 2 3 4 5 |  5.3
Long Blades    | 3 4 5 6 |  6.3
Charms         | 4 5 |  5.8
Necromancy     | 1 2 |  2.1
Shields        | 2 |  2.1
Fighting       | |  2.4
Dodging        | |  2.1
Spellcasting   | |  2.1

Action                   |  1- 3 |  4- 6 |  7- 9 || total
-------------------------+-------+-------+-------++-------
Melee: Falchion          |   119 |   261 |   114 ||   494
 Cast: Regeneration      |       |     2 |     1 ||     3
       Song of Slaying   |       |       |     1 ||     1
 Abil: Hop               |     1 |     2 |     2 ||     5
Evoke: Wand              |       |       |     2 ||     2
  Use: Potion            |     1 |     4 |     1 ||     6
       Scroll            |       |     9 |     7 ||    16
  Eat: Chunk             |     2 |     6 |     7 ||    15
       Meat ration       |       |     1 |       ||     1
       Royal jelly       |       |     1 |       ||     1
Armor: Leather armour    |    39 |    87 |    57 ||   183
       Ring mail         |       |    11 |       ||    11
Dodge: Dodged            |   100 |   181 |    57 ||   338
       Rpst.: Falchion   |    31 |    66 |    18 ||   115

Table legend:
 A = Spawn XP
 B = Non-spawn XP
 C = Spawn XP percentage of total XP
 D = Spawn monster count
 E = Non-spawn monster count
 F = Spawn count percentage of total count
 G = Total turns spent on level
                    A         B        C        D         E        F      G
               +---------+---------+-------+---------+---------+-------+---------
         Total |       0 |    1204 |   0.0 |       0 |     110 |   0.0 |  5408
               +---------+---------+-------+---------+---------+-------+---------
           D:1 |       0 |      23 |   0.0 |       0 |      14 |   0.0 |   624
           D:2 |       0 |      78 |   0.0 |       0 |      30 |   0.0 |  1262
           D:3 |       0 |     124 |   0.0 |       0 |      17 |   0.0 |  1730
           D:4 |       0 |     320 |   0.0 |       0 |      20 |   0.0 |  1130
           D:5 |       0 |     445 |   0.0 |       0 |      19 |   0.0 |   621
           D:6 |       0 |     214 |   0.0 |       0 |      10 |   0.0 |    41
               +---------+---------+-------+---------+---------+-------+---------
